 Dungeon Crawl Stone Soup version 0.20-a0-555-gf6ae02d (webtiles) character file.

115 Kiturien the Charmwright (level 5, -7/40 HPs)
             Began as a Barachian Skald on Feb 7, 2017.
             Mangled by a gnoll
             ... wielding a +0 halberd
              (9 damage)
             ... on level 3 of the Dungeon.
             The game lasted 00:09:47 (2670 turns).

Kiturien the Charmwright (Barachian Skald)          Turns: 2670, Time: 00:09:47

Health: -7/40      AC:  4    Str: 11    XL:     5   Next: 0%
Magic:  3/8        EV: 14    Int: 11    God:
Gold:   134        SH:  3    Dex: 10    Spells: 2/8 levels left

rFire    . . .     SeeInvis .   a - +0 falchion
rCold    . . .     Gourm    .   b - +0 leather armour
rNeg     . . .     Faith    .   g - +0 buckler
rPois    .         Spirit   .   (no helmet)
rElec    .         Reflect  .   e - +0 cloak
rCorr    .         Harm     .   (no gloves)
MR       .....                  (no boots)
Stlth    +.........             (no amulet)
Regen    0.2/turn               p - +3 ring of evasion
                                o - ring of flight

@: infused (expiring), slow
A: swims, slowness 1, strong legs 1
a: Hop, Evoke Flight


You were on level 3 of the Dungeon.
You were hungry.

You visited 1 branch of the dungeon, and saw 3 of its levels.

You collected 134 gold pieces.

Inventory:

Hand Weapons
 a - a +0 falchion (weapon)
Armour
 b - a +0 leather armour (worn)
 e - a +0 cloak (worn)
 g - a +0 buckler (worn)
Jewellery
 o - a ring of flight (left hand)
 p - a +3 ring of evasion (right hand)
 x - an uncursed amulet of guardian spirit {unknown}
Scrolls
 f - a scroll of teleportation {unknown}
 i - a scroll of enchant armour {unknown}
 j - a scroll of noise {unknown}
 k - 3 scrolls of identify {unknown}
 l - a scroll of immolation {unknown}
 s - 2 scrolls of remove curse
 u - a scroll of fog {unknown}
 v - a scroll of random uselessness {unknown}
 w - a scroll of enchant weapon {unknown}
Potions
 m - a potion of might
 n - a potion of lignification {unknown}
 r - a potion of heal wounds {unknown}
 t - a potion of degeneration {unknown}
Books
 c - a book of Battle

   Spells                             Type                      Level
   a - Infusion                       Charms                       1
   b - Shroud of Golubria             Charms/Translocation         2
   c - Song of Slaying                Charms                       2
   d - Spectral Weapon                Hexes/Charms                 3
   e - Regeneration                   Charms/Necromancy            3
Comestibles
 d - a bread ration
 h - 2 meat rations
 q - 2 chunks of flesh


   Skills:
 + Level 2.9 Fighting
 + Level 3.1 Long Blades
 + Level 2.0 Armour
 + Level 2.3 Dodging
 - Level 0.2 Stealth
 * Level 1.3 Shields
 + Level 2.4 Spellcasting
 + Level 3.4 Charms


You had 2 spell levels left.
You knew the following spells:

 Your Spells              Type           Power        Failure   Level  Hunger
a - Infusion              Chrm           #...         14%         1    ##.....
b - Song of Slaying       Chrm           #.......     21%         2    ###....
c - Regeneration          Chrm/Necr      #.........   83%         3    ####...


Dungeon Overview and Level Annotations

Branches:
Dungeon (3/15)

Altars:


Innate Abilities, Weirdness & Mutations

You can swim through water.
You cover ground slowly.
You can hop short distances.


Message History

You barely miss the gnoll. The gnoll hits you but does no damage.
The gnoll misses you.
You riposte.
You hit the gnoll.
The gnoll is lightly wounded.
The gnoll hits you with a spear!
You hit the gnoll.
The gnoll is heavily wounded.
The gnoll hits you but does no damage. The gnoll barely misses you.
You hit the gnoll.
The gnoll is almost dead.
The gnoll barely misses you. The gnoll closely misses you.
You hit the gnoll.
You kill the gnoll!
You have reached level 5!
You feel stronger. The gnoll misses you.
The gnoll hits you from afar with a halberd!
* * * LOW HITPOINT WARNING * * *
Your magical infusion is running out.
The gnoll hits you from afar with a halberd!
You die...

.................. #.#
...##.#.......###.##.##
.. ..>......<....#....#
.....#....[..###.###.#
......#####............
.............####.###.#
......####.#.####.# #.#
##.####...#...##.# #.#
#.@..#####....# #.#
#.##...#...#### #.#
#g####.#.### #.# #g#
#.[.########.# #.#.#
##...........# #.#.#
############# #.#)#
#.#.# #.#.#


You could see 2 gnolls.

Vanquished Creatures
  2 gnolls
  2 adders
  A worm (D:2)
  3 dart slugs
  2 leopard geckos (D:1)
  5 giant cockroaches
  8 goblins
  8 hobgoblins
  9 jackals (D:1)
  6 bats
  2 frilled lizards
  7 kobolds
  8 rats
63 creatures vanquished.

Notes
Turn   | Place    | Note
-------+----------+-------------------------------------------
     0 | D:1      | Kiturien the Barachian Skald began the quest for the Orb.
     0 | D:1      | Reached XP level 1. HP: 16/16 MP: 3/3
   316 | D:1      | Reached XP level 2. HP: 11/23 MP: 1/5
   368 | D:1      | Learned a level 2 spell: Song of Slaying
   744 | D:1      | Reached XP level 3. HP: 13/28 MP: 3/6
   767 | D:1      | Reached skill level 1 in Shields
  1407 | D:1      | Learned a level 3 spell: Regeneration
  1497 | D:2      | Reached XP level 4. HP: 31/34 MP: 7/7
  2665 | D:3      | Reached XP level 5. HP: 14/40 MP: 2/8
  2666 | D:3      | HP: 2/40 [gnoll/halberd (13)]
  2670 | D:3      | Mangled by a gnoll

Vault maps used:
D:1:      nicolae_arrival_memento_mori, minivault_23, minmay_statues_item
D:2:      bh_walls_and_bars
D:3:      regret_index_temple_of_mockery, uniq_jessica, uniq_grinder,
          uniq_sigmund

Skill      XL: |  1  2  3  4 |
---------------+-------------+-----
Shields        | 1 |  1.3
Long Blades    | 3 |  3.1
Armour         | 2 |  2.0
Fighting       | |  2.9
Dodging        | |  2.3
Stealth        | |  0.2
Spellcasting   | |  2.4
Charms         | |  3.4

Action                   |  1- 3 |  4- 6 || total
-------------------------+-------+-------++-------
Melee: Falchion          |   114 |    94 ||   208
 Cast: Infusion          |     9 |     6 ||    15
       Song of Slaying   |       |     4 ||     4
  Use: Potion            |     2 |       ||     2
       Scroll            |     1 |       ||     1
  Eat: Chunk             |     3 |     4 ||     7
Armor: Leather armour    |    59 |    27 ||    86
Dodge: Dodged            |    84 |    70 ||   154
Block: Buckler           |    25 |    12 ||    37
       Rpst.: Falchion   |    24 |    15 ||    39
